 Dungeon Crawl Stone Soup version 0.29-a0-721-g7f417c9bbb (webtiles) character file.

Game seed: 9425555860156973045

100 marklar909 the Trooper (level 4, -1/37 HPs)
             Began as a Palentonga Fighter on June 27, 2022.
             Slain by a gnoll
             ... wielding a +0 flail
              (8 damage)
             ... on level 3 of the Dungeon.
             The game lasted 00:04:28 (2988 turns).

marklar909 the Trooper (Palentonga Fighter)         Turns: 2988, Time: 00:04:28

Health: -1/37      AC:  8    Str: 23    XL:     4   Next: 47%
Magic:  4/4        EV:  8    Int: 14    God:
Gold:   147        SH:  4    Dex: 11    Spells: 3/3 levels left

rFire   . . .      SeeInvis +   a - +0 war axe
rCold   . . .      Faith    .   c - +0 buckler
rNeg    . . .      Spirit   .   u - +0 leather armour {rPois}
rPois   +          Reflect  .   (no helmet)
rElec   .          Harm     .   (no cloak)
rCorr   .          Rampage  .   j - +2 pair of gloves {Str+3}
Will    .....                   (no barding)
Stlth   +.........              f - amulet of magic regeneration
HPRegen 0.12/turn               m - +6 ring of intelligence
MPRegen 0.49/turn               (no ring)

@: no status effects
A: large, rugged brown scales 3, see invisible, deformed body, roll 1, armoured
tail
a: Rolling Charge


You were on level 3 of the Dungeon.
You visited 1 branch of the dungeon, and saw 3 of its levels.

You collected 147 gold pieces.

Inventory:

Hand Weapons
 a - a +0 war axe (weapon)
Missiles
 r - a throwing net
Armour
 c - a +0 buckler (worn)
 j - a +2 pair of gloves of strength (worn)
 u - a +0 leather armour of poison resistance (worn)
Jewellery
 f - an amulet of magic regeneration (around neck)
 m - a +6 ring of intelligence (left hand)
Scrolls
 b - a scroll of identify
 h - a scroll of enchant weapon {unknown}
 i - a scroll of fear {unknown}
 l - a scroll of magic mapping {unknown}
 n - a scroll of teleportation {unknown}
 q - 2 scrolls of summoning {unknown}
Potions
 d - a potion of might
 e - a potion of haste
 g - 2 potions of curing
 k - a potion of ambrosia
 o - a potion of cancellation
 p - 2 potions of heal wounds
 s - a potion of mutation {unknown}
 t - a potion of degeneration {unknown}


   Skills:
 + Level 3.4 Fighting
 + Level 3.2 Axes
 + Level 3.2 Armour
 + Level 0.2 Dodging
 + Level 3.0 Shields


You had 3 spell levels left.
You didn't know any spells.
Your spell library contained the following spells:

 Spells                   Type           Power      Damage    Failure   Level
 Necrotize                Necr           0%         1d4       38%         1
 Blink                    Tloc           0%         N/A       52%         2
 Poisonous Vapours        Pois/Air       0%         N/A       52%         2
 Lesser Beckoning         Tloc           0%         N/A       77%         3
 Vampiric Draining        Necr           0%         2d6       77%         3
 Corpse Rot               Necr/Pois/Air  0%         N/A       99%         4
 Agony                    Necr           0%         N/A       100%        5
 Manifold Assault         Tloc           0%         N/A       100%        5


Dungeon Overview and Level Annotations

Branches:
Dungeon (3/15)

Altars:

Shops:
D:2 (


Innate Abilities, Weirdness & Mutations

You are completely covered in rugged brown scales. (AC +3, +7% HP)
You have supernaturally acute eyesight. (SInv)
Armour fits poorly on your strangely shaped body.
You can roll at nearby foes to attack.
You have a long armoured tail.


Message History

2 gnolls come into view.
The gnoll shouts! x2
You slice the gnoll!!
You kill the gnoll!
Your Shields skill increases to level 3!
You see here a +0 spear.
Unknown command.
The gnoll hits you with a +0 flail!
Unknown command.
You completely miss the gnoll. You tail-slap the gnoll.
The gnoll is heavily wounded.
The gnoll hits you with a +0 flail.
Unknown command.
You barely miss the gnoll.
The gnoll is heavily wounded.
The gnoll hits you with a +0 flail. x2
Unknown command.
You hit the gnoll.
Your tail-slap misses the gnoll.
The gnoll is severely wounded.
The gnoll hits you but does no damage.
Unknown command.
You barely miss the gnoll.
The gnoll is severely wounded.
The gnoll hits you with a +0 flail.
Unknown command.
Unknown command.
You hit the gnoll.
The gnoll is almost dead.
The gnoll hits you with a +0 flail! The gnoll hits you with a +0 flail.
* * * LOW HITPOINT WARNING * * *
Unknown command.
You are too injured to fight recklessly!
You are too injured to fight recklessly!
Unknown command.
You are too injured to fight recklessly!
You see here a +0 spear.
The gnoll attacks as you move away! The gnoll hits you with a +0 flail.
* * * LOW HITPOINT WARNING * * *
The gnoll attacks as you move away! The gnoll hits you with a +0 flail!
You die...

.....# ####.#
.....#
##################
#..............#
#.############.#
#.# #.# ###.# #.#
....# #@#
##..####### #g#
#........# #g#
##.######.# #.#
..........# #.#
##.#####..# #)#
... #..# #.# #.#
#..# #.# #.# #..#
#.#


You could see 2 gnolls.

Vanquished Creatures
  2 gnolls (D:3)
  2 adders (D:2)
  2 dart slugs
  An endoplasm (D:3)
  5 giant cockroaches
  7 hobgoblins
  3 jackals (D:2)
  5 quokkas
  5 ball pythons
  4 bats
  3 frilled lizards
  2 goblins (D:1)
  8 kobolds
  9 rats
58 creatures vanquished.

Notes
Turn   | Place    | Note
-------+----------+-------------------------------------------
     0 | D:1      | marklar909 the Palentonga Fighter began the quest for the
                  | Orb.
     0 | D:1      | Reached XP level 1. HP: 19/19 MP: 1/1
   161 | D:1      | Reached XP level 2. HP: 23/25 MP: 2/2
   560 | D:1      | Found a faded altar of an unknown god.
  1150 | D:2      | Reached XP level 3. HP: 30/31 MP: 3/3
  1775 | D:2      | Found Ipparr's Weapon Shop.
  2273 | D:3      | Reached XP level 4. HP: 37/37 MP: 4/4
  2620 | D:3      | Identified the +1 leather armour of Squeaky Liberty {Str+4}
  2988 | D:3      | Slain by a gnoll

Illustrated notes

Levels and vault maps discovered:
D:1:      scummos_arrival_forest, layout_basic, chequers_ecumenical_altar_grove,
          supply_closet_lemuel
D:2:      layout_basic, serial_shops, nicolae_square_shop,
          kennysheep_generic_room_2, uniq_crazy_yiuf_cottage
D:3:      layout_basic

Skill      XL: |  1  2  3  4 |
---------------+-------------+-----
Armour         | 3 |  3.2
Axes           | 3 |  3.2
Shields        | 3 |  3.0
Fighting       | |  3.4
Dodging        | |  0.2

Action                   |  1- 3 |  4- 6 || total
-------------------------+-------+-------++-------
Melee: War axe           |   107 |    33 ||   140
       Tailslap          |    11 |     3 ||    14
 Abil: Rolling Charge    |    15 |     8 ||    23
  Use: Scroll            |       |     5 ||     5
Armor: Scale mail        |    61 |    14 ||    75
       Leather armour    |       |     5 ||     5
Dodge: Dodged            |    29 |    11 ||    40
Block: Buckler           |    27 |     5 ||    32

Table legend: (Time is in decaauts)
 A = Elapsed time spent in this place.
 B = Non-inter-level travel time spent in this place.
 C = Inter-level travel time spent in this place.
 D = Time resting spent in this place.
 E = Time spent auto-exploring this place.
 F = Levels seen in this place.
 G = Mean time per level.
                   A        B        C        D        E       F      G
               +--------+--------+--------+--------+--------+-----+--------+
         Total |   3043 |   2886 |    157 |    150 |   2303 |   3 | 1014.3 |
       Dungeon |   3043 |   2886 |    157 |    150 |   2303 |   3 | 1014.3 |
               +--------+--------+--------+--------+--------+-----+--------+

Top non-repeatable levels by time:
     D:2: 1447 daAuts
     D:1: 1064 daAuts
     D:3: 530 daAuts
